ORI
ARIZONA STATE UNIVERSITY SUN DEVILS @ UNIVERSITY OF MAINE BLACK BEARS
10/07/2049
 
TOP OF THE 1ST
Arizona State University Sun Devils batting - Pitching for University of Maine Black Bears : RHP Tat Gu
Pitching: RHP Tat Gu
Batting: RHB Hervé Papin 0-0: Ball
1-0: Ball
2-0: Ball
3-0: DOUBLE (Groundball, 5L, EV 101.2 MPH)
Batting: LHB Timon Giorgiou 0-0: Foul Ball, location: 2F
0-1: Ball
1-1: Ball
2-1: Ground out 6-3 (Groundball, 6S, EV 64.4 MPH)
Hervé Papin to third
Batting: LHB Justin Vitali 0-0: Ball
1-0: Ground out 6-3 (Groundball, 6, EV 105.6 MPH)
Hervé Papin scores
Batting: LHB Eric Russell 0-0: Called Strike
0-1: Foul Ball, location: 2F
0-2: Ground out 4-3 (Groundball, 4M, EV 104.4 MPH)
Top of the 1st over - 1 run, 1 hit, 0 errors, 0 left on base; Arizona State University 1 - University of Maine 0
BOTTOM OF THE 1ST
University of Maine Black Bears batting - Pitching for Arizona State University Sun Devils : RHP Travis Varney
Pitching: RHP Travis Varney
Batting: RHB Justin Degon 0-0: Ground out 6-3 (Groundball, 4M, EV 99.4 MPH)
Pitching: RHP Luis Escajeda
Batting: SHB Mario Barajas 0-0: Fly out, F8 (Flyball, 8RM, EV 79.4 MPH)
Batting: LHB Seung Pack 0-0: Called Strike
0-1: Ball
1-1: TRIPLE (Line Drive, 89XD, EV 106.9 MPH)
Batting: RHB Wang-fen Yang 0-0: Foul Ball, location: 2F
0-1: Swinging Strike
0-2: Ball
1-2: Strikes out swinging
Bottom of the 1st over - 0 runs, 1 hit, 0 errors, 1 left on base; Arizona State University 1 - University of Maine 0
TOP OF THE 2ND
Arizona State University Sun Devils batting - Pitching for University of Maine Black Bears : RHP Tat Gu
Batting: LHB Randy Marquez 0-0: Foul Ball, location: 2F
0-1: Swinging Strike
0-2: Foul Ball, location: 2F
0-2: Foul Ball, location: 2F
0-2: Fly out, F9 (Flyball, 89M, EV 80.0 MPH)
Batting: LHB Burraga Iukini 0-0: Called Strike
0-1: Ground out 6-3 (Groundball, 6, EV 109.4 MPH)
Batting: RHB Jun-hyuk Leem 0-0: Foul Ball, location: 2F
0-1: Foul Ball, location: 2F
0-2: Ball
1-2: DOUBLE (Line Drive, 78M, EV 105.0 MPH)
Batting: RHB Carl Evans 0-0: Ball
1-0: Foul Ball, location: 2F
1-1: Ball
2-1: Ball
3-1: Foul Ball, location: 2F
3-2: Strikes out swinging
Top of the 2nd over - 0 runs, 1 hit, 0 errors, 1 left on base; Arizona State University 1 - University of Maine 0
BOTTOM OF THE 2ND
University of Maine Black Bears batting - Pitching for Arizona State University Sun Devils : RHP Luis Escajeda
Batting: LHB Osmo Leino 0-0: Foul Ball, location: 2F
0-1: Ball
1-1: Foul Ball, location: 2F
1-2: Ball
2-2: Fly out, F8 (Flyball, 89D, EV 99.4 MPH)
Batting: LHB Ed Leighton 0-0: Ball
1-0: Swinging Strike
1-1: Called Strike
1-2: Strikes out swinging
Batting: LHB John Bergeron 0-0: Ball
1-0: Called Strike
1-1: Foul Ball, location: 2F
1-2: Fly out, F7 (Flyball, 7S, EV 78.1 MPH)
Bottom of the 2nd over - 0 runs, 0 hits, 0 errors, 0 left on base; Arizona State University 1 - University of Maine 0
TOP OF THE 3RD
Arizona State University Sun Devils batting - Pitching for University of Maine Black Bears : RHP Tat Gu
Batting: RHB Kawenaula Kapali 0-0: SINGLE (Groundball, 56, EV 109.4 MPH) (infield hit)
Batting: RHB Hervé Papin 0-0: Ball
1-0: Ball
2-0: Foul Ball, location: 2F
2-1: Called Strike
2-2: Ball
3-2: Ground out 5-3 (Groundball, 56, EV 89.4 MPH)
Kawenaula Kapali to second
Batting: LHB Timon Giorgiou 0-0: Called Strike
0-1: Called Strike
0-2: Strikes out swinging
Batting: LHB Justin Vitali 0-0: Called Strike
0-1: Ball
1-1: Foul Ball, location: 2F
1-2: Fly out, F4 (Popup, 4, EV 73.8 MPH)
Top of the 3rd over - 0 runs, 1 hit, 0 errors, 1 left on base; Arizona State University 1 - University of Maine 0
BOTTOM OF THE 3RD
University of Maine Black Bears batting - Pitching for Arizona State University Sun Devils : RHP Luis Escajeda
Batting: RHB Wang Huan 0-0: Called Strike
0-1: Ball
1-1: Ground out 5-3 (Groundball, 56S, EV 84.4 MPH)
Batting: RHB Pita Arnurna 0-0: Ball
1-0: Ball
2-0: Ball
3-0: Called Strike
3-1: Foul Ball, location: 2F
3-2: Strikes out looking
Batting: RHB Justin Degon 0-0: Foul Ball, location: 2F
0-1: Ball
1-1: Ball
2-1: Ground out 4-3 (Groundball, 4, EV 99.4 MPH)
Bottom of the 3rd over - 0 runs, 0 hits, 0 errors, 0 left on base; Arizona State University 1 - University of Maine 0
TOP OF THE 4TH
Arizona State University Sun Devils batting - Pitching for University of Maine Black Bears : RHP Tat Gu
Batting: LHB Eric Russell 0-0: SINGLE (Groundball, 56, EV 86.9 MPH) (infield hit)
Pinch Runner at 1st Rusty Gee:
Batting: LHB Randy Marquez 0-0: Ball
1-0: Ball
2-0: Ball
3-0: Base on Balls
Rusty Gee to second
Batting: LHB Burraga Iukini 0-0: Ball
1-0: Ball
2-0: Ball
Rusty Gee steals 3rd, throwing error, E2
Rusty Gee scores
Randy Marquez to third
3-0: Called Strike
3-1: Base on Balls
Batting: RHB Jun-hyuk Leem 0-0: Ball
1-0: Foul Ball, location: 2F
1-1: Fly out, F9 (Flyball, 9, EV 85.6 MPH)
Runner from 3rd tags up, SCORES, throw by RF
Batting: RHB Carl Evans 0-0: Called Strike
0-1: Foul Ball, location: 2F
0-2: Ball
1-2: Ball
2-2: DOUBLE (Line Drive, 7LS, EV 101.9 MPH)
Burraga Iukini to third
Batting: RHB Kawenaula Kapali 0-0: Ground out 4-3 (Groundball, 4, EV 100.6 MPH)
Burraga Iukini scores
Carl Evans to third
Batting: RHB Hervé Papin 0-0: Ball
1-0: Ball
2-0: Ground out 6-3 (Groundball, 6, EV 84.4 MPH)
Top of the 4th over - 3 runs, 2 hits, 1 error, 1 left on base; Arizona State University 4 - University of Maine 0
BOTTOM OF THE 4TH
University of Maine Black Bears batting - Pitching for Arizona State University Sun Devils : RHP Luis Escajeda
Now at 3B: Rusty Gee
Batting: SHB Mario Barajas 0-0: Ball
1-0: Ball
2-0: SINGLE (Line Drive, 56, EV 98.1 MPH)
Batting: LHB Seung Pack 0-0: Ball
1-0: Ball
2-0: Ball
3-0: Called Strike
3-1: Called Strike
3-2: Fly out, F6 (Popup, 6MS, EV 86.2 MPH)
Batting: RHB Wang-fen Yang 0-0: Grounds into double play, 1-6-3 (Groundball, 13S, EV 70.0 MPH)
Bottom of the 4th over - 0 runs, 1 hit, 0 errors, 0 left on base; Arizona State University 4 - University of Maine 0
TOP OF THE 5TH
Arizona State University Sun Devils batting - Pitching for University of Maine Black Bears : RHP Tat Gu
Batting: LHB Timon Giorgiou 0-0: Ball
1-0: Called Strike
1-1: Called Strike
1-2: Strikes out swinging
Batting: LHB Justin Vitali 0-0: Foul Ball, location: 2F
0-1: Ball
1-1: Ball
2-1: Fly out, F8 (Flyball, 8RD, EV 90.0 MPH)
Batting: RHB Rusty Gee 0-0: Foul Ball, location: 2F
0-1: Foul Ball, location: 2F
0-2: Ball
1-2: Ball
2-2: Strikes out swinging
Top of the 5th over - 0 runs, 0 hits, 0 errors, 0 left on base; Arizona State University 4 - University of Maine 0
BOTTOM OF THE 5TH
University of Maine Black Bears batting - Pitching for Arizona State University Sun Devils : RHP Luis Escajeda
Batting: LHB Osmo Leino 0-0: Ball
1-0: Ball
2-0: Ball
3-0: Base on Balls
Batting: LHB Ed Leighton 0-0: Ball
1-0: Swinging Strike
1-1: 2-RUN HOME RUN (Flyball, 9D, EV 100.6 MPH), Distance : 407 ft
Batting: LHB John Bergeron 0-0: Ball
1-0: Foul Ball, location: 2F
1-1: Ground out 4-3 (Groundball, 34, EV 90.6 MPH)
Batting: RHB Wang Huan 0-0: Ground out 3-1 (Groundball, 34, EV 86.2 MPH)
Batting: RHB Pita Arnurna 0-0: Swinging Strike
0-1: Ground out 6-3 (Groundball, 6M, EV 111.9 MPH)
Bottom of the 5th over - 2 runs, 1 hit, 0 errors, 0 left on base; Arizona State University 4 - University of Maine 2
TOP OF THE 6TH
Arizona State University Sun Devils batting - Pitching for University of Maine Black Bears : RHP Tat Gu
Pitching: RHP Kurt Goff
Batting: LHB Randy Marquez 0-0: Ball
1-0: Ball
2-0: Ball
3-0: Base on Balls
Batting: LHB Burraga Iukini 0-0: Ball
1-0: Ball
2-0: Foul Ball, location: 2F
2-1: Swinging Strike
2-2: Foul Ball, location: 2F
2-2: Ball
3-2: Fly out, F8 (Flyball, 8RM, EV 92.5 MPH)
Batting: RHB Jun-hyuk Leem 0-0: Fly out, F7 (Line Drive, 7, EV 98.1 MPH)
Batting: RHB Carl Evans 0-0: Ball
1-0: Ball
2-0: Called Strike
2-1: Foul Ball, location: 2F
2-2: Strikes out swinging
Top of the 6th over - 0 runs, 0 hits, 0 errors, 1 left on base; Arizona State University 4 - University of Maine 2
BOTTOM OF THE 6TH
University of Maine Black Bears batting - Pitching for Arizona State University Sun Devils : RHP Luis Escajeda
Batting: RHB Justin Degon 0-0: Called Strike
0-1: Fly out, F9 (Flyball, 9D, EV 89.4 MPH)
Batting: SHB Mario Barajas 0-0: Ball
1-0: Ball
2-0: Called Strike
2-1: Called Strike
2-2: Ball
3-2: Hit by Pitch
Batting: LHB Seung Pack 0-0: Ball
1-0: Foul Ball, location: 2F
1-1: Called Strike
1-2: SINGLE (Groundball, 56, EV 85.0 MPH) (infield hit)
Mario Barajas to second
Pinch Hitting: RHB Rewa Havika 0-0: Ball
1-0: Foul Ball, location: 2F
1-1: Foul Ball, location: 2F
1-2: Strikes out looking
Batting: LHB Osmo Leino 0-0: Called Strike
0-1: Ball
1-1: Ball
2-1: Ball
3-1: Base on Balls
Mario Barajas to third
Seung Pack to second
Pitching: RHP Yic Li
Batting: LHB Ed Leighton 0-0: Ball
1-0: Ball
2-0: Foul Ball, location: 2F
2-1: Foul Ball, location: 2F
2-2: SINGLE (Groundball, 15S, EV 66.9 MPH) (infield hit)
Mario Barajas scores
Seung Pack to third
Osmo Leino to second
Batting: LHB John Bergeron 0-0: Fly out, F7 (Line Drive, 7, EV 97.5 MPH)
Bottom of the 6th over - 1 run, 2 hits, 0 errors, 3 left on base; Arizona State University 4 - University of Maine 3
TOP OF THE 7TH
Arizona State University Sun Devils batting - Pitching for University of Maine Black Bears : RHP Kurt Goff
Now at SS: Rewa Havika
Batting: RHB Kawenaula Kapali 0-0: Called Strike
0-1: Ground out 6-3 (Groundball, 56, EV 105.0 MPH)
Batting: RHB Hervé Papin 0-0: Ball
1-0: Called Strike
1-1: Swinging Strike
1-2: Strikes out swinging
Batting: LHB Timon Giorgiou 0-0: Ball
1-0: Called Strike
1-1: Ball
2-1: Called Strike
2-2: Ball
3-2: Foul Ball, location: 2F
3-2: Strikes out swinging
Top of the 7th over - 0 runs, 0 hits, 0 errors, 0 left on base; Arizona State University 4 - University of Maine 3
BOTTOM OF THE 7TH
University of Maine Black Bears batting - Pitching for Arizona State University Sun Devils : RHP Yic Li
Pinch Hitting: LHB John Knox 0-0: Hit by Pitch
Batting: RHB Pita Arnurna 0-0: Bunt missed!
0-1: Bunt missed!
0-2: Foul Ball, location: 2F
0-2: Fielders Choice at 2nd, 1-6 (Groundball, 13S, EV 66.2 MPH)
Batting: RHB Justin Degon 0-0: Fielders Choice at 2nd, 4-6 (Groundball, 34, EV 99.4 MPH)
Batting: SHB Mario Barajas 0-0: Ball
Justin Degon steals 2nd base
1-0: Fly out, F8 (Flyball, 78M, EV 97.5 MPH)
Bottom of the 7th over - 0 runs, 0 hits, 0 errors, 1 left on base; Arizona State University 4 - University of Maine 3
TOP OF THE 8TH
Arizona State University Sun Devils batting - Pitching for University of Maine Black Bears : RHP Kurt Goff
Pitching: RHP Ik-jun Jahng
Now in CF: John Knox
Batting: LHB Justin Vitali 0-0: Fly out, F7 (Line Drive, 7S, EV 105.0 MPH)
Batting: RHB Rusty Gee 0-0: Called Strike
0-1: Called Strike
0-2: Strikes out swinging
Batting: LHB Randy Marquez 0-0: Called Strike
0-1: Ball
1-1: Fly out, F9 (Flyball, 89M, EV 79.4 MPH)
Top of the 8th over - 0 runs, 0 hits, 0 errors, 0 left on base; Arizona State University 4 - University of Maine 3
BOTTOM OF THE 8TH
University of Maine Black Bears batting - Pitching for Arizona State University Sun Devils : RHP Yic Li
Batting: LHB Seung Pack 0-0: Called Strike
0-1: Ball
1-1: SINGLE (Line Drive, 7S, EV 106.2 MPH)
Pitching: LHP Coen van Oorschot
Batting: RHB Rewa Havika 0-0: Ball
1-0: Ball
2-0: Called Strike
2-1: Swinging Strike
2-2: Ball
3-2: Base on Balls
Seung Pack to second
Batting: LHB Osmo Leino 0-0: Swinging Strike
0-1: Fly out, F8 (Line Drive, 8RM, EV 91.2 MPH)
Batting: LHB Ed Leighton 0-0: Called Strike
0-1: Ball
1-1: Foul Ball, location: 2F
1-2: Strikes out swinging
Batting: LHB John Bergeron 0-0: Called Strike
0-1: Ball
1-1: Foul Ball, location: 2F
1-2: Ball
2-2: Strikes out swinging
Bottom of the 8th over - 0 runs, 1 hit, 0 errors, 2 left on base; Arizona State University 4 - University of Maine 3
TOP OF THE 9TH
Arizona State University Sun Devils batting - Pitching for University of Maine Black Bears : RHP Ik-jun Jahng
Batting: LHB Burraga Iukini 0-0: Ball
1-0: Ball
2-0: Called Strike
2-1: Ground out 3-1 (Groundball, 34, EV 101.9 MPH)
Batting: RHB Jun-hyuk Leem 0-0: Ball
1-0: Foul Ball, location: 2F
1-1: Swinging Strike
1-2: Ball
2-2: Strikes out swinging, 2-3 out at first.
Batting: RHB Carl Evans 0-0: Called Strike
0-1: Called Strike
0-2: Strikes out swinging
Top of the 9th over - 0 runs, 0 hits, 0 errors, 0 left on base; Arizona State University 4 - University of Maine 3
BOTTOM OF THE 9TH
University of Maine Black Bears batting - Pitching for Arizona State University Sun Devils : LHP Coen van Oorschot
Pitching: RHP Ken Gray
Batting: LHB John Knox 0-0: Foul Ball, location: 2F
0-1: Ball
1-1: Ball
2-1: Swinging Strike
2-2: Foul Ball, location: 2F
2-2: Fly out, F5 (Popup, 5F, EV 76.2 MPH)
Batting: RHB Pita Arnurna 0-0: Ball
1-0: Foul Ball, location: 2F
1-1: Foul Ball, location: 2F
1-2: Foul Ball, location: 2F
1-2: Fly out, F9 (Flyball, 89XD, EV 108.8 MPH)
Batting: RHB Justin Degon 0-0: Called Strike
0-1: Swinging Strike
0-2: Ball
1-2: Ball
2-2: Foul Ball, location: 2F
2-2: Strikes out swinging
Bottom of the 9th over - 0 runs, 0 hits, 0 errors, 0 left on base; Arizona State University 4 - University of Maine 3
Sunday, July 16th , 2023 - OOTP Baseball 24.6 Build 69